 Dungeon Crawl Stone Soup version 0.30-a0-55-g90e3122c3a (webtiles) character file.

Game seed: 3882030694549240220

12 jlumianski the Trooper (level 2, 0/24 HPs)
             Began as a Demonspawn Fighter on Sept 9, 2022.
             Slain by a rat (1 damage)
             ... on level 1 of the Dungeon.
             The game lasted 00:00:43 (539 turns).

jlumianski the Trooper (Demonspawn Fighter)          Turns: 539, Time: 00:00:44

Health: 0/24       AC:  9    Str: 16    XL:     2   Next: 20%
Magic:  2/2        EV:  6    Int: 11    God:
Gold:   28         SH:  4    Dex: 12    Spells: 1/1 levels left

rFire   . . .      SeeInvis .    a - +0 war axe
rCold   . . .      Faith    .    c - +0 buckler
rNeg    . . .      Spirit   .    e - +0 chain mail
rPois   .          Reflect  .    (no helmet)
rElec   .          Harm     .    (no cloak)
rCorr   .          Rampage  .    (no gloves)
Will    .....                    (no boots)
Stlth   ..........               (no amulet)
HPRegen 0.08/turn                (no ring)
MPRegen 0.08/turn                (no ring)

@: no status effects
A: big brain 1
a: no special abilities


You were on level 1 of the Dungeon.
You visited 1 branch of the dungeon, and saw 1 of its levels.

You collected 28 gold pieces.

Inventory:

Hand Weapons
 a - a +0 war axe (weapon)
Armour
 b - a +0 scale mail
 c - a +0 buckler (worn)
 e - a +0 chain mail (worn)
Scrolls
 f - 2 scrolls of identify {unknown}
Potions
 d - a potion of might


   Skills:
 + Level 3.2 Fighting
 + Level 1.9 Axes
 + Level 2.9 Armour
 + Level 2.9 Shields


You had one spell level left.
You didn't know any spells.
Your spell library was empty.

Dungeon Overview and Level Annotations

Branches:
Dungeon (1/15)

Altars:


Innate Abilities, Weirdness & Mutations

You have an unusually large brain. (Int +2)


Message History

The frilled lizard bites you but does no damage.
The frilled lizard bites you but does no damage.
The rat bites you but does no damage. The frilled lizard closely misses you.
The rat bites you but does no damage. The rat bites you but does no damage.
The frilled lizard barely misses you.
The frilled lizard bites you but does no damage.
You block the rat's attack. You block the rat's attack.
The frilled lizard closely misses you. The frilled lizard barely misses you.
The rat bites you but does no damage.
The frilled lizard bites you but does no damage.
The rat bites you but does no damage. The rat bites you but does no damage.
You block the frilled lizard's attack.
The frilled lizard bites you but does no damage.
The rat bites you but does no damage. The rat bites you but does no damage.
The frilled lizard bites you but does no damage.
The frilled lizard barely misses you. The rat bites you but does no damage.
You block the frilled lizard's attack. The rat bites you.
* * * LOW HITPOINT WARNING * * *
You block the rat's attack.
The frilled lizard bites you but does no damage.
The frilled lizard barely misses you. The rat bites you but does no damage.
The rat barely misses you. The frilled lizard barely misses you.
The frilled lizard bites you but does no damage.
You block the rat's attack.
The frilled lizard bites you but does no damage.
You block the rat's attack. You block the rat's attack.
You block the frilled lizard's attack. You block the frilled lizard's attack.
The rat bites you but does no damage. The rat bites you.
* * * LOW HITPOINT WARNING * * *
The frilled lizard bites you.
* * * LOW HITPOINT WARNING * * *
The frilled lizard bites you but does no damage.
The rat bites you but does no damage. The frilled lizard barely misses you.
The rat bites you but does no damage. The rat bites you but does no damage.
The frilled lizard bites you.
* * * LOW HITPOINT WARNING * * *
You block the frilled lizard's attack. The rat bites you.
You die...

#..#.# . #..#.# .#
#....... ...#.###.###
#....... ##.........
+...>.. .....#.#.###
#....# .....#.....#
#....# ### .........#.#
#....#....
######.###.####.l.......
................@r......
######.###.####.........
.#.# #.# #.# #.........
##.# #.# #.# #.........
...###.###.# #.........
##.#.......# #.........
##.#.#.###########.#####
##.#.#.......... .#
##.#.###########


You could see a frilled lizard and a rat.

Vanquished Creatures
  A gnoll (D:1)
  A hobgoblin (D:1)
  A kobold (D:1)
3 creatures vanquished.

Notes
Turn   | Place    | Note
-------+----------+-------------------------------------------
     0 | D:1      | jlumianski the Demonspawn Fighter began the quest for the
                  | Orb.
     0 | D:1      | Reached XP level 1. HP: 18/18 MP: 1/1
    36 | D:1      | Gained mutation: You have an unusually large brain. (Int
                  | +2) [demonic ancestry]
    36 | D:1      | Reached XP level 2. HP: 8/24 MP: 2/2
   538 | D:1      | HP: 1/24 [frilled lizard (2)]
   539 | D:1      | Slain by a rat

Illustrated notes

Levels and vault maps discovered:
D:1:      dpeg_arrival_rhombus, layout_basic, serial_shops, shop

Action                   || total
-------------------------++-------
Melee: War axe           ||    11
Armor: Chain mail        ||   115
Dodge: Dodged            ||    49
Block: Buckler           ||    42

Table legend: (Time is in decaauts)
 A = Elapsed time spent in this place.
 B = Non-inter-level travel time spent in this place.
 C = Inter-level travel time spent in this place.
 D = Time resting spent in this place.
 E = Time spent auto-exploring this place.
 F = Levels seen in this place.
 G = Mean time per level.
                   A        B        C        D        E       F      G
               +--------+--------+--------+--------+--------+-----+--------+
         Total |    544 |    544 |      0 |      0 |    373 |   1 |  544.0 |
       Dungeon |    544 |    544 |      0 |      0 |    373 |   1 |  544.0 |
               +--------+--------+--------+--------+--------+-----+--------+

Top non-repeatable levels by time:
     D:1: 544 daAuts
